 Dungeon Crawl Stone Soup version 0.29-a0-559-g359e09b9d1 (webtiles) character file.

Game seed: 9008208790139486012

1101 Heedrag the Conjurer (level 8, -2/41 HPs)
             Began as a Deep Elf Conjurer on June 5, 2022.
             Slain by a black bear (11 damage)
             ... on level 5 of the Dungeon on June 9, 2022.
             The game lasted 00:08:14 (6109 turns).

Heedrag the Conjurer (Deep Elf Conjurer)            Turns: 6109, Time: 00:08:15

Health: -2/41      AC:  4    Str:  7    XL:     8   Next: 10%
Magic:  1/18       EV: 14    Int: 26    God:
Gold:   304        SH:  5    Dex: 21    Spells: 7/18 levels left

rFire   . . .      SeeInvis .   I - +3 war axe of Revolt {flame, rElec Str+3 Int+2}
rCold   . . .      Faith    .   G - +0 buckler
rNeg    + . .      Spirit   .   a - +0 robe
rPois   .          Reflect  .   (no helmet)
rElec   +          Harm     .   E - +0 cloak
rCorr   .          Rampage  .   (no gloves)
Will    .....                   D - +0 pair of boots
Stlth   +++.......              (no amulet)
HPRegen 0.13/turn               p - ring of positive energy
MPRegen 0.16/turn               x - +6 ring of dexterity

@: no status effects
A: no striking features
a: no special abilities


You were on level 5 of the Dungeon.
You visited 1 branch of the dungeon, and saw 5 of its levels.
You also visited: Sewer.

You collected 304 gold pieces.

Inventory:

Hand Weapons
 i - a +1 dagger of pain
   (You took it off a kobold on level 1 of the Dungeon)
 B - a +6 vorpal flail
   (You took it off Terence on level 2 of the Dungeon)
 F - a +2 whip of distortion {!w}
   (You took it off a kobold on level 4 of the Dungeon)
 I - the +3 war axe of Revolt (weapon) {flame, rElec Str+3 Int+2}
   (You found it on level 5 of the Dungeon)

   It burns those it strikes, dealing additional fire damage.
   Big, fiery blades are also staple armaments of hydra-hunters.
   Str:       It affects your strength (+3).
   Int:       It affects your intelligence (+2).
   rElec:     It insulates you from electricity.
Missiles
 A - 5 poisoned darts
Armour
 a - a +0 robe (worn)
 D - a +0 pair of boots (worn)
   (You found it on level 4 of the Dungeon)
 E - a +0 cloak (worn)
   (You took it off Crazy Yiuf on level 4 of the Dungeon)
 G - a +0 buckler (worn)
   (You found it in a sewer)
 H - a +2 plate armour of cold resistance
   (You found it in a sewer)
Magical Staves
 l - a staff of cold
   (You found it on level 2 of the Dungeon)
Jewellery
 p - a ring of positive energy (left hand)
   (You found it on level 2 of the Dungeon)
 x - a +6 ring of dexterity (right hand)
   (You took it off a hobgoblin on level 3 of the Dungeon)
Wands
 d - a wand of iceblast (23)
   (You took it off a hobgoblin on level 3 of the Dungeon)
 r - a wand of polymorph (10)
   (You found it on level 2 of the Dungeon)
 u - a wand of paralysis (11)
   (You found it on level 4 of the Dungeon)
Scrolls
 e - 4 scrolls of identify {unknown}
 j - 4 scrolls of blinking
 m - 3 scrolls of fear {unknown}
 q - 2 scrolls of enchant armour {unknown}
 t - 2 scrolls of torment {unknown}
 v - 2 scrolls of noise {unknown}
 y - a scroll of amnesia {unknown}
 z - a scroll of vulnerability {unknown}
 C - a scroll of immolation {unknown}
 J - 2 scrolls of enchant weapon {unknown}
Potions
 b - a potion of magic
 c - 6 potions of curing {@q1}
 f - 2 potions of brilliance {unknown}
 g - 2 potions of flight {unknown}
 h - a potion of haste {@q3}
 k - 3 potions of mutation {unknown}
 n - 2 potions of berserk rage {unknown}
 o - 3 potions of degeneration {unknown}
 s - a potion of might {unknown}
 w - a potion of invisibility


   Skills:
 + Level 4.8 Dodging
 + Level 5.2 Stealth
 * Level 1.9 Shields
 + Level 5.6 Spellcasting
 * Level 7.0 Conjurations
 + Level 3.5 Hexes
 + Level 3.1 Translocations


You had 7 spell levels left.
You knew the following spells:

 Your Spells              Type           Power      Damage    Failure   Level
a - Magic Dart            Conj           100%       1d8       1%          1
s - Searing Ray           Conj           88%        2d7       1%          2
x - Iskenderun's Mystic   Conj/Tloc      33%        2d8       12%         4
z - Fulminant Prism       Conj/Hex       17%        3d11      11%         4

Your spell library contained the following spells:

 Spells                   Type           Power      Damage    Failure   Level
 Dazzling Flash           Conj/Hex       70%        N/A       3%          3
 Gell's Gravitas          Tloc           23%        N/A       8%          3
 Teleport Other           Tloc           23%        N/A       8%          3
 Corpse Rot               Necr/Pois/Air  7%         N/A       67%         4
 Dispel Undead            Necr           7%         3d8       67%         4
 Dispersal                Tloc           11%        N/A       99%         6
 Death Channel            Necr           3%         N/A       100%        6


Dungeon Overview and Level Annotations

Branches:
Dungeon (5/15)              Sewer (visited)
 Temple: D:4-7

Altars:
Cheibriados
Elyvilon
Nemelex Xobeh
Xom
Zin
The Shining One
Lugonu

Portals:
Abyss: D:4


Message History

You are poisoned.
The killer bee poisons you! The killer bee misses you.
Your Conjurations skill increases to level 7!
Your Translocations skill increases to level 3!
You have reached level 8!
You feel clever.
Restarting spell: Searing Ray (safe; 1% risk of failure)
Aim: a killer bee (moderately wounded, 63% to hit)
The searing ray hits the killer bee!
You kill the killer bee! (Press . to maintain the ray.)
You feel sick.
You feel sick. The black bear bites you. You block the black bear's attack.
The black bear misses you.
Restarting spell: Searing Ray (safe; 1% risk of failure)
Aim: a black bear (lightly wounded, 87% to hit)
The searing ray misses the black bear. (Press . to maintain the ray.)
You feel sick. The black bear bites you.
* * * LOW HITPOINT WARNING * * *
You block the black bear's attack. The black bear misses you.
The searing ray hits the black bear.
You feel sick. The black bear closely misses you. The black bear claws you.
* * * LOW HITPOINT WARNING * * *
The black bear closely misses you.
The searing ray hits the black bear!
You feel sick. The black bear bites you!
* * * LOW HITPOINT WARNING * * *
The black bear claws you but does no damage.
The black bear closely misses you.
Unknown command.
It was a potion of curing.
You feel better.
The black bear bites you but does no damage.
The black bear barely misses you. You block the black bear's attack.
Unknown command.
You hit the black bear. You burn the black bear.
The black bear goes berserk!
The black bear bites you.
* * * LOW HITPOINT WARNING * * *
The black bear barely misses you. The black bear closely misses you.
You closely miss the black bear. You block the black bear's attack.
The black bear claws you.
* * * LOW HITPOINT WARNING * * *
The black bear claws you.
* * * LOW HITPOINT WARNING * * *
You block the black bear's attack.
The black bear claws you but does no damage.
The black bear barely misses you.
Unknown command.
Aim: a black bear (severely wounded, berserk, 100% to hit)
The magic dart hits the black bear.
The black bear bites you!
You die...

.#...#...#...#...#...#......##_##
.#...#####...#...#####......#####
.#...#...#...#...#...#...........
###.#.....#.###.#.....#..........
...###...###...###...##....#....>
....#.###.#.....#.###.#....##....
...#...#...#...#...#...##########
####...#...#####...#...#
...#...#...#...#@†.#...#
....#.###.#.....#h###.#.
...###...###...###...##..
###.......####### .<.. ...
...........#.... ...)..#.
..............# ###.........
..............# .#......
............####.#......
...............>.......


You could see a black bear (berserk).

Vanquished Creatures
  A water moccasin (D:5)
  A phantom (D:5)
  2 bullfrogs (Sewer)
  2 scorpions (D:5)
  A necrophage (D:5)
  5 killer bees (D:5)
  Crazy Yiuf (D:4)
  A hound (D:4)
  An iguana (D:5)
  Terence (D:2)
  An orc wizard (D:5)
  8 adders
  2 white imps (D:5)
  2 worms
  5 dart slugs
  6 orcs
  20 endoplasms
  15 giant cockroaches
  10 goblins
  7 hobgoblins
  2 jackals (D:4)
  15 kobolds
  16 quokkas
  19 ball pythons
  6 bats
  10 frilled lizards
  3 rats
163 creatures vanquished.

Notes
Turn   | Place    | Note
-------+----------+-------------------------------------------
     0 | D:1      | Heedrag the Deep Elf Conjurer began the quest for the Orb.
     0 | D:1      | Reached XP level 1. HP: 10/10 MP: 6/6
    84 | D:1      | Reached XP level 2. HP: 5/15 MP: 0/8
    84 | D:1      | Upgraded the game from 0.29-a0-542-g075992c915 to
                  | 0.29-a0-559-g359e09b9d1
   344 | D:1      | Learned a level 2 spell: Searing Ray
   883 | D:2      | Noticed Terence
   943 | D:2      | Killed Terence
   944 | D:2      | Reached skill level 5 in Conjurations
   944 | D:2      | Reached XP level 3. HP: 19/19 MP: 5/10
  1030 | D:2      | Reached XP level 4. HP: 24/24 MP: 8/11
  1536 | D:2      | Learned a level 4 spell: Fulminant Prism
  1541 | D:2      | Learned a level 4 spell: Iskenderun's Mystic Blast
  2074 | D:3      | Found a glowing golden altar of the Shining One.
  2074 | D:3      | Found a white marble altar of Elyvilon.
  2075 | D:3      | Found a glowing silver altar of Zin.
  2129 | D:3      | Reached XP level 5. HP: 26/28 MP: 9/13
  2632 | D:3      | Reached skill level 1 in Hexes
  3379 | D:4      | Reached skill level 1 in Translocations
  3428 | D:4      | Found a runed translucent door.
  3429 | D:4      | Noticed Crazy Yiuf
  3535 | D:4      | Found a large runed translucent door.
  3535 | D:4      | Found a large runed translucent door.
  3544 | D:4      | Found a corrupted altar of Lugonu.
  3614 | D:4      | Found a one-way gate to the infinite horrors of the Abyss.
  4018 | D:4      | Killed Crazy Yiuf
  4262 | D:5      | Entered Level 5 of the Dungeon
  4262 | D:5      | Found a shimmering altar of Xom.
  4277 | D:5      | Reached XP level 6. HP: 32/32 MP: 4/14
  4292 | D:5      | Reached skill level 6 in Conjurations
  4310 | D:5      | Found a glowing drain.
  4368 | Sewer    | Entered a sewer
  5081 | Sewer    | Reached skill level 5 in Spellcasting
  5081 | Sewer    | Reached XP level 7. HP: 26/36 MP: 3/16
  5334 | D:5      | Identified the +3 war axe of Revolt {flame, rElec Str+3
                  | Int+2}
  5498 | D:5      | Found a sparkling altar of Nemelex Xobeh.
  5502 | D:5      | Found a snail-covered altar of Cheibriados.
  5562 | D:5      | Reached skill level 1 in Shields
  5622 | D:5      | Reached skill level 5 in Stealth
  6101 | D:5      | Reached skill level 7 in Conjurations
  6101 | D:5      | Reached XP level 8. HP: 34/41 MP: 7/18
  6109 | D:5      | Slain by a black bear

Illustrated notes

Levels and vault maps discovered:
D:1:      amcnicky_arrival_choice, layout_rooms
D:2:      layout_rooms, uniq_terence
D:3:      minmay_razor_zed, layout_basic, good_gods_temple_1
D:4:      due_chaos_kobolds, layout_loops_ring, hangedman_decor_clover_reticule,
          minmay_misc_feat_four_crosses, uniq_crazy_yiuf_cottage
D:5:      nicolae_cairo_tiling, layout_rooms, xom_teletrap_fun, minitemple,
          lemuel_temple_firewalk_a, gup_sewer_entry_pipe

Skill      XL: |  1  2  3  4  5  6  7 |
---------------+----------------------+-----
Stealth        | 3 4 5 |  5.2
Dodging        | 3 4 |  4.8
Conjurations   | 5 6 7 |  7.0
Spellcasting   | 4 5 |  5.6
Hexes          | 2 3 |  3.5
Translocations | 1 2 3 |  3.1
Shields        | 1 |  1.9

Action                   |  1- 3 |  4- 6 |  7- 9 || total
-------------------------+-------+-------+-------++-------
Melee: Unarmed           |     7 |       |       ||     7
       Flail             |       |    13 |       ||    13
       War axe           |       |       |    14 ||    14
 Cast: Magic Dart        |    51 |   197 |    30 ||   278
       Searing Ray       |     1 |     8 |     9 ||    18
  Use: Potion            |       |       |     1 ||     1
Armor: Robe              |     2 |     8 |     8 ||    18
Dodge: Dodged            |     7 |    25 |    27 ||    59
Block: Buckler           |       |       |    11 ||    11

Table legend: (Time is in decaauts)
 A = Elapsed time spent in this place.
 B = Non-inter-level travel time spent in this place.
 C = Inter-level travel time spent in this place.
 D = Time resting spent in this place.
 E = Time spent auto-exploring this place.
 F = Levels seen in this place.
 G = Mean time per level.
                   A        B        C        D        E       F      G
               +--------+--------+--------+--------+--------+-----+--------+
         Total |   6188 |   5947 |    241 |    253 |   4803 |   6 | 1031.3 |
       Dungeon |   5378 |   5137 |    241 |    253 |   4161 |   5 | 1075.6 |
         Sewer |    809 |    809 |      0 |      0 |    642 |   1 |  809.0 |
               +--------+--------+--------+--------+--------+-----+--------+

Top non-repeatable levels by time:
     D:3: 1291 daAuts
     D:4: 1273 daAuts
     D:5: 1118 daAuts
     D:1: 927 daAuts
   Sewer: 809 daAuts
     D:2: 768 daAuts
